 Dungeon Crawl Stone Soup version 0.31.0-9-g3a7656b989 (webtiles) character file.

Game seed: 10952276023667518858

749 qw the Skirmisher (level 7, -1/40 HPs)
             Began as a Deep Elf Hunter on Feb 2, 2024.
             Incinerated by a bombardier beetle (5 damage)
             ... with a burning spray
             ... on level 5 of the Dungeon.
             The game lasted 00:00:14 (3686 turns).

qw the Skirmisher (Deep Elf Hunter)                 Turns: 3686, Time: 00:00:15

Health: -1/40      AC: 10    Str: 10    XL:     7   Next: 48%
Magic:  9/9        EV: 11    Int: 14    God:
Gold:   156        SH:  0    Dex: 18    Spells: 6/6 levels left

rFire   . . .        d - +3 longbow (elec)
rCold   . . .        (shield currently unavailable)
rNeg    . . .        f - +1 ring mail
rPois   +            (no helmet)
rElec   .            (no cloak)
rCorr   .            (no gloves)
SInv    .            (no boots)
Will    .....        (no amulet)
Stlth   +            k - ring "Kypu" {Wiz rPois}
HPRegen 0.26/turn    h - +4 ring of protection
MPRegen 0.11/turn

%: wizardry (x1)
@: on fire, glowing
A: no striking features
a: no special abilities


You were on level 5 of the Dungeon.
You visited 1 branch of the dungeon, and saw 5 of its levels.
You also visited: Sewer.

You collected 156 gold pieces.


   Skills:
 - Level 2.4 Fighting
 + Level 11.4 Ranged Weapons
 - Level 3.3 Dodging
 - Level 1.2 Stealth


You had 6 spell levels left.
You didn't know any spells.
Your spell library was empty.

Inventory:

Hand Weapons
 d - a +3 longbow of electrocution (weapon)
Armour
 f - a +1 ring mail (worn)
Jewellery
 c - a ring of flight
 h - a +4 ring of protection (right hand)
 k - the ring "Kypu" (left hand) {Wiz rPois}
   (You found it on level 2 of the Dungeon)

   [ring of wizardry]

   Wiz:       It improves your spell success rate.
   rPois:     It protects you from poison
 Y - a ring of positive energy
Scrolls
 a - a scroll of teleportation
Potions
 b - 2 potions of curing
 e - a potion of heal wounds
 i - a potion of magic {unknown}
 j - a potion of cancellation {unknown}
 m - a potion of might {unknown}

Dungeon Overview and Level Annotations

Branches:
Dungeon (5/15)              Sewer (visited)
 Temple: D:4-7

Altars:
Cheibriados
Gozag
Sif Muna


Message History

A bombardier beetle comes into view.
You shoot an arrow.
The arrow hits the bombardier beetle but does no damage.
Lightning courses through the bombardier beetle!
The bombardier beetle is severely wounded.
You shoot an arrow.
The arrow barely misses the bombardier beetle.
You shoot an arrow.
The arrow barely misses the bombardier beetle.
You shoot an arrow.
The arrow barely misses the bombardier beetle.
You shoot an arrow.
The arrow barely misses the bombardier beetle.
The bombardier beetle sprays incendiary fluid at you.
The burning spray hits you.
You are covered in liquid fire!
You shoot an arrow. The arrow hits the bombardier beetle!
You kill the bombardier beetle!
The liquid fire burns you!
You are on fire!
The liquid fire burns you!
You are on fire!
The liquid fire burns you!
You are on fire!
The liquid fire burns you!
You are on fire!
The liquid fire burns you!
You are on fire!
The liquid fire burns you!
You are on fire!
The liquid fire burns you!
You are on fire!
The liquid fire burns you!
You are on fire!
The liquid fire burns you!
You are on fire!
The liquid fire burns you!
You are on fire!
The liquid fire burns you!
You die...

.....####.###
......##..# ...
.........## .).
......##.# #)#
.....###.# #.#
....## #...#.# #)#
.....# ###.#.# #.#
....######.#.# #.#
.............# #@#
..#..........# #.#
........#.##.# #.#
........#.##.# #.#
........#.##.###.#
.................#
......###.##.#####
###..## #)##.# #.#
#)##.#


There were no monsters in sight!

Vanquished Creatures
  A centaur (D:4)
  A phantom (D:4)
  2 brain worms (Sewer)
  A scorpion (D:5)
  2 bombardier beetles (D:5)
  A hound (D:4)
  An orc priest (D:4)
  A jelly (D:4)
  2 orc wizards (D:5)
  10 adders
  A river rat (Sewer)
  4 dart slugs
  2 ribbon worms (D:4)
  14 orcs
  3 endoplasms
  5 giant cockroaches
  5 goblins
  7 hobgoblins
  4 jackals (D:2)
  3 kobolds
  3 quokkas
  10 ball pythons
  3 bats (D:1)
  7 frilled lizards
  9 rats
102 creatures vanquished.

Notes
Turn   | Place    | Note
-------+----------+-------------------------------------------
     0 | D:1      | qw the Deep Elf Hunter began the quest for the Orb.
     0 | D:1      | Reached XP level 1. HP: 12/12 MP: 3/3
     0 | D:1      | 0 ||| qw: Version: 0.3-a-155-g5e7d8dd
     0 | D:1      | 0 ||| qw: Game counter: 1061
     0 | D:1      | 0 ||| qw: Melee chars always use a shield: true
     0 | D:1      | 0 ||| qw: God list: Okawaru
     0 | D:1      | 0 ||| qw: Allow faded altars: false
     0 | D:1      | 0 ||| qw: Do Orc after clearing Dungeon:15 true
     0 | D:1      | 0 ||| qw: Do second Lair branch before Depths: true
     0 | D:1      | 0 ||| qw: Lair rune preference: random
     0 | D:1      | 0 ||| qw: Goals: Normal
     0 | D:1      | 0 ||| PLANNING D:1-11
   206 | D:1      | You fall into a shaft and drop 1 floor!
   239 | D:2      | Reached skill level 6 in Ranged Weapons
   239 | D:2      | Reached XP level 2. HP: 16/16 MP: 4/4
   319 | D:2      | 319 ||| READING scroll labelled MIAPRY MONA.
   319 | D:2      | 319 ||| ENCHANTING +0 shortbow.
   320 | D:2      | 320 ||| DROPPING scroll of butterflies.
  1097 | D:1      | 1097 ||| READING 2 scrolls labelled YTOUXOEHAIWK.
  1097 | D:1      | 1097 ||| IDENTIFYING purple potion
  1098 | D:1      | 1098 ||| READING scroll of identify.
  1098 | D:1      | 1098 ||| IDENTIFYING red potion
  1099 | D:1      | 1099 ||| READING scroll labelled CEKIXA IGGAENA.
  1100 | D:1      | 1100 ||| DROPPING potion of attraction.
  1147 | D:2      | Reached XP level 3. HP: 11/20 MP: 5/5
  1328 | D:2      | 1328 ||| FLEEEEING.
  1329 | D:2      | 1329 ||| FLEEEEING.
  1330 | D:2      | 1330 ||| FLEEEEING.
  1331 | D:2      | 1331 ||| FLEEEEING.
  1442 | D:2      | Found a faded altar of an unknown god.
  1487 | D:2      | Identified the ring "Kypu" {Wiz rPois}
  1692 | D:2      | 1692 ||| UPGRADING to ring of positive energy.
  1693 | D:2      | 1693 ||| UPGRADING to +4 ring of protection.
  1694 | D:2      | 1694 ||| UPGRADING to ring "Kypu" {Wiz rPois}.
  1696 | D:2      | 1696 ||| READING scroll of identify.
  1696 | D:2      | 1696 ||| IDENTIFYING golden potion
  1697 | D:2      | 1697 ||| READING scroll labelled USAGGA RYSU.
  1698 | D:2      | 1698 ||| READING scroll labelled WEOMYI XYGURHU.
  1698 | D:2      | Identified a scroll of acquirement
  1698 | D:2      | 1698 ||| ACQUIRING +2 longbow of flaming
  1698 | D:2      | Acquired a +2 longbow of flaming
  1700 | D:2      | 1700 ||| SWAPPING to +2 longbow of flaming.
  1701 | D:2      | 1701 ||| DROPPING +0 shortbow.
  1702 | D:2      | 1702 ||| READING scroll labelled RIACVE UVER.
  1836 | D:3      | Reached skill level 7 in Ranged Weapons
  1918 | D:3      | Found a snail-covered altar of Cheibriados.
  2112 | D:3      | Reached XP level 4. HP: 25/25 MP: 6/6
  2266 | D:3      | 2266 ||| READING 3 scrolls labelled CIRU XUFUAFIU.
  2271 | D:3      | 2271 ||| READING scroll labelled DEOSTRU ZOCVOK.
  2323 | D:4      | 2323 ||| PLANNING SEWER
  2323 | D:4      | 2323 ||| STAIRDANCE
  2327 | D:4      | 2327 ||| STAIRDANCE
  2331 | D:4      | 2331 ||| STAIRDANCE
  2394 | D:4      | Noticed a centaur
  2395 | D:4      | Killed a centaur
  2396 | D:4      | Reached skill level 8 in Ranged Weapons
  2396 | D:4      | Reached XP level 5. HP: 29/29 MP: 7/7
  2431 | D:4      | Reached skill level 9 in Ranged Weapons
  2437 | D:4      | 2437 ||| FLEEEEING.
  2488 | D:4      | Noticed a phantom
  2489 | D:4      | 2489 ||| RETREEEEATING.
  2491 | D:4      | 2491 ||| RETREEEEATING.
  2493 | D:4      | Reached skill level 3 in Dodging
  2494 | D:4      | Killed a phantom
  2495 | D:4      | Reached XP level 6. HP: 32/36 MP: 8/8
  2582 | D:4      | Found a glowing drain.
  2583 | D:4      | 2583 ||| UPGRADING to +0 ring mail.
  2593 | D:4      | 2593 ||| DROPPING +0 leather armour.
  2594 | D:4      | 2594 ||| READING scroll of enchant armour.
  2594 | D:4      | 2594 ||| ENCHANTING +0 ring mail.
  2595 | D:4      | 2595 ||| DROPPING ring of magical power.
  2599 | Sewer    | Entered a sewer
  2819 | Sewer    | Reached skill level 10 in Ranged Weapons
  2833 | Sewer    | 2833 ||| READING 2 scrolls labelled MADDI SU HOL.
  2834 | Sewer    | 2834 ||| READING 3 scrolls labelled NYETIO KOVISI.
  2835 | Sewer    | 2835 ||| READING scroll labelled VODGHO COTAE.
  2835 | Sewer    | 2835 ||| BRANDING +2 longbow of flaming.
  2836 | Sewer    | 2836 ||| DROPPING scroll of fog.
  2837 | Sewer    | 2837 ||| DROPPING 2 scrolls of blinking.
  2841 | D:4      | 2841 ||| PLANNING D:1-11
  3043 | D:4      | Reached XP level 7. HP: 40/40 MP: 9/9
  3100 | D:4      | Found a shimmering blue altar of Sif Muna.
  3191 | D:4      | Identified the +12 dagger of the Present {venom, ^Fragile
                  | Will- Str+9 Dex+4}
  3366 | D:4      | 3366 ||| READING scroll labelled ZOYJIX FUXZAW.
  3367 | D:4      | 3367 ||| READING scroll labelled XYVECV BOIMA.
  3368 | D:4      | 3368 ||| READING scroll labelled VOALOO COYZU.
  3368 | D:4      | 3368 ||| ENCHANTING +2 longbow of electrocution.
  3391 | D:5      | Entered Level 5 of the Dungeon
  3406 | D:5      | HP: 7/40 [burnt (6)]
  3407 | D:5      | 3407 ||| READING 2 scrolls of teleportation.
  3407 | D:5      | HP: 2/40 [orc/+0 mace (2)]
  3408 | D:5      | 3408 ||| DRINKING 2 potions of heal wounds.
  3608 | D:5      | Found an opulent altar of Gozag.
  3628 | D:5      | Reached skill level 11 in Ranged Weapons
  3684 | D:5      | HP: 9/40 [burnt (6)]
  3685 | D:5      | HP: 4/40 [burnt (5)]
  3686 | D:5      | Incinerated by a bombardier beetle

Levels and vault maps discovered:
D:1:      ncdulo_wetmaze, layout_basic, nicolae_concentric_dashed_squares_wild,
          chequers_serial_rivers_small_3
D:2:      layout_loops_cross, dreamdust_ecumenical_altar_grove, st_stairs_13,
          nicolae_houndstooth_variations
D:3:      layout_basic, kennysheep_slug_shrine
D:4:      layout_loops_ring, kennysheep_mini, gup_sewer_entry_spiral,
          chequers_serial_rivers_large_a, dk_rats_in_the_wall
D:5:      layout_loops_ring, grunt_gozag_statues, general_overflow_altar,
          grunt_ministairs_11

Skill      XL: |  1  2  3  4  5  6  7 |
---------------+----------------------+-----
Ranged Weapons | 6 7 8 9 10 11 | 11.4
Dodging        | 3 |  3.3
Fighting       | 2 |  2.4
Stealth        | |  1.2

Action                     |  1- 3 |  4- 6 |  7- 9 || total
---------------------------+-------+-------+-------++-------
   Fire: Shortbow          |    67 |       |       ||    67
         Longbow           |    15 |   100 |    39 ||   154
    Use: Scroll            |     8 |     6 |     4 ||    18
         Potion            |       |       |     1 ||     1
 Armour: Leather armour    |    16 |    18 |       ||    34
         Ring mail         |       |     7 |    10 ||    17
  Dodge: Dodged            |    20 |    25 |     6 ||    51

Table legend:
 A = Non-vault XP
 B = Vault XP
 C = Vault XP percentage of total XP
 D = Non-vault monster count
 E = Vault monster count
 F = Vault count percentage of total count
                 A         B        C        D         E       F
            +---------+---------+-------+---------+---------+-------
      Total |     666 |     405 |  37.8 |      72 |      30 |  29.4
            +---------+---------+-------+---------+---------+-------
        D:1 |      30 |       0 |   0.0 |      19 |       0 |   0.0
        D:2 |      24 |       2 |   7.7 |      11 |       1 |   8.3
        D:3 |      68 |       4 |   5.6 |      14 |       1 |   6.7
        D:4 |     390 |      14 |   3.5 |      20 |       5 |  20.0
        D:5 |     154 |     122 |  44.2 |       8 |       4 |  33.3
      Sewer |       0 |     263 | 100.0 |       0 |      19 | 100.0
            +---------+---------+-------+---------+---------+-------
